 Dungeon Crawl Stone Soup version 0.31-a0-544-gceb718ecc6 (webtiles) character file.

Game seed: 18071201824000665623

2561997 SuPeRPuSSyNoOTAB the Cloud Mage (level 27, 203/203 HPs)
             Began as a Djinni Fighter on Aug 14, 2023.
             Was a High Priest of Cheibriados.
             Escaped with the Orb
             ... and 4 runes on Aug 15, 2023!
             The game lasted 03:05:08 (58621 turns).

SuPeRPuSSyNoOTAB the Cloud Mage (Djinni Fighter)   Turns: 58621, Time: 03:05:09

Health: 203/203    AC: 35    Str: 30    XL:     27
Gold:   2453       EV: 26    Int: 31    God:    Cheibriados [*****.] SH:  0 Dex: 32

rFire   + + .        g - +7 lajatang of Order {silver, rMut}
rCold   + . .        (shield currently unavailable)
rNeg    + + .        W - +5 storm dragon scales
rPois   ∞            r - +2 helmet "Quczah" {rC+ Slay+3}
rElec   +            P - +1 cloak "Goen" {rF- Regen+ Int+6 SInv}
rCorr   +            M - +1 pair of gloves "Upruugh" {+Inv rF+}
SInv    +            (boots unavailable)
Will    +++..        d - amulet "Falonea" {Regen+ Stlth+}
Stlth   +            D - ring of Leaves {Drain rC++ Will+ EV+5}
HPRegen 2.13/turn    U - ring "Gaxy" {rN++ rCorr Int-4 Dex+6 Slay+6}
MPRegen 0.00/turn

%: clarity, resist mutation
@: flying, studying 2 skills, very slow
A: sickness immunity, fire resistance 2, cold vulnerability 2, float, innate
caster, HP casting, extra vitality 1, clarity, screaming 1
0: Orb of Zot
}: 4/15 runes: barnacled, slimy, abyssal, gossamer
a: Renounce Religion, Evoke Invisibility, Bend Time, Temporal Distortion,
Slouch, Step From Time


You escaped.
You worshipped Cheibriados.
Cheibriados was extremely pleased with you.
You visited 11 branches of the dungeon, and saw 52 of its levels.
You visited the Abyss 2 times.
You visited 1 bazaar.
You also visited: Trove and Bailey.

You collected 8239 gold pieces.
You spent 5786 gold pieces at shops.

Inventory:

Hand Weapons
 g - the +7 lajatang of Order (weapon) {silver, rMut}
   (You acquired it on level 5 of the Dungeon)

   rMut:      It protects you from mutation.
 p - a +6 lajatang of electrocution
Missiles
 j - 10 silver javelins
 K - a curare-tipped dart
 N - 5 throwing nets
 T - 12 javelins
Armour
 r - the +2 helmet "Quczah" (worn) {rC+ Slay+3}
   (You bought it in a shop on level 1 of the Shoals)

   Slay+3:    It affects your accuracy & damage with ranged weapons and melee
   (+3).
   rC+:       It protects you from cold.
 t - the +0 gold dragon scales of the Foremost Hells {+Inv rElec rPois rF+ rC+ Str+3 Dex+5}
   (You acquired it on level 1 of the Realm of Zot)

   Str+3:     It affects your strength (+3).
   Dex+5:     It affects your dexterity (+5).
   rF+:       It protects you from fire.
   rC+:       It protects you from cold.
   rElec:     It insulates you from electricity.
   rPois:     It protects you from poison +Inv: It lets you turn invisible.
 L - the +8 orange crystal plate armour {Archmagi, Int+3 Clar}
   (You acquired it on level 3 of the Elven Halls)

   Int+3:     It affects your intelligence (+3).
   Clar:      It protects you from confusion, rage, mesmerisation and fear.
 M - the +1 pair of gloves "Upruugh" (worn) {+Inv rF+}
   (You found it on level 1 of the Lair of Beasts)

   rF+:       It protects you from fire.
   +Inv:      It lets you turn invisible.
 P - the +1 cloak "Goen" (worn) {rF- Regen+ Int+6 SInv}
   (You found it on level 4 of the Lair of Beasts)

   Int+6:     It affects your intelligence (+6).
   rF-:       It makes you vulnerable to fire.
   SInv:      It lets you see invisible.
   Regen+:    It increases your rate of health regeneration.
 W - +5 storm dragon scales (worn)
Magical Staves
 S - the staff "Buogh" {rElec Dex+3 Air}
   (You found it on level 3 of the Elven Halls)

   [staff of air]

   Base accuracy: +5 Base damage: 5 Base attack delay: 1.2 This weapon's minimum
   attack delay (0.6) is reached at skill level 12.
   Dex+3:     It affects your dexterity (+3).
   rElec:     It insulates you from electricity.
   Air:       It increases the power of your Air spells.
   It falls into the 'Staves' category.
   It is a one-handed weapon.
Jewellery
 d - the amulet "Falonea" (around neck) {Regen+ Stlth+}
   (You found it in a treasure trove)

   [amulet of regeneration]

   Regen+:    It increases your rate of health regeneration.
   Stlth+:    It makes you more stealthy.
 q - the ring of Zaradejiu {rF+ rN++ rCorr Int-2 SInv}
   (You took it off a deep elf annihilator on level 3 of the Elven Halls)

   [ring of protection from fire]

   Int-2:     It affects your intelligence (-2).
   rF+:       It protects you from fire.
   rN++:      It greatly protects you from negative energy.
   SInv:      It lets you see invisible.
   rCorr:     It protects you from acid and corrosion.
 w - a ring of willpower
 D - the ring of Leaves (left hand) {Drain rC++ Will+ EV+5}
   (You acquired it on level 10 of the Dungeon)

   [ring of evasion]

   EV+5:      It affects your evasion (+5).
   rC++:      It greatly protects you from cold.
   Will+:     It increases your willpower.
   Drain:     It drains your maximum health when unequipped.
 F - a ring of protection from cold
 Q - an amulet of reflection
 U - the ring "Gaxy" (right hand) {rN++ rCorr Int-4 Dex+6 Slay+6}
   (You acquired it on level 4 of the Shoals)

   [ring of dexterity]

   Int-4:     It affects your intelligence (-4).
   Dex+6:     It affects your dexterity (+6).
   Slay+6:    It affects your accuracy & damage with ranged weapons and melee
   (+6).
   rN++:      It greatly protects you from negative energy.
   rCorr:     It protects you from acid and corrosion.
Wands
 b - a wand of mindburst (36)
 e - a wand of polymorph (43)
 A - a wand of flame (86)
 J - a wand of digging (46)
 O - a wand of paralysis (51)
 R - a wand of roots (40)
 Z - a wand of acid (29)
Scrolls
 c - 5 scrolls of fog
 l - 20 scrolls of teleportation
 s - 7 scrolls of fear
 u - 3 scrolls of poison
 y - a scroll of silence
 I - a scroll of immolation
 V - a scroll of torment
 Y - 7 scrolls of vulnerability
Potions
 f - 5 potions of might
 h - 4 potions of mutation
 i - 13 potions of attraction
 m - 6 potions of curing
 n - 8 potions of enlightenment
 o - 15 potions of lignification
 z - 10 potions of resistance
 B - 11 potions of invisibility
 E - 5 potions of brilliance
 G - 3 potions of cancellation
 X - 17 potions of ambrosia
Miscellaneous
 v - a tin of tremorstones (2/2)
 H - a lightning rod (4/4)


   Skills:
 + Level 19.4 Fighting
 - Level 16.0 Long Blades
 - Level 14.0 Staves
 - Level 9.7 Throwing
 + Level 22.1 Armour
 + Level 11.0 Dodging
 - Level 6.3 Stealth
 - Level 3.0 Shields
 - Level 2.7 Unarmed Combat
 + Level 19.3 Spellcasting
 + Level 19.3 Conjurations
 + Level 19.3 Hexes
   Level 0.0 Charms
 + Level 19.3 Summonings
 + Level 19.3 Necromancy
 + Level 19.3 Translocations
 + Level 19.3 Transmutations
 + Level 19.3 Fire Magic
 + Level 19.3 Ice Magic
 + Level 25.5 Air Magic
 + Level 19.3 Earth Magic
 + Level 19.3 Poison Magic
 + Level 13.8 Invocations
 + Level 7.1 Evocations
 - Level 2.4 Shapeshifting


You knew the following spells:

 Your Spells              Type           Power      Damage    Failure   Level
a - Arcjolt               Conj/Air       53%        1d63      0%          5
b - Lesser Beckoning      Tloc           100%       N/A       0%          2
c - Teleport Other        Tloc           99%        N/A       0%          3
d - Enfeeble              Hex            49%        N/A       1%          7
e - Leda's Liquefaction   Hex/Erth       49%        N/A       0%          4
f - Apportation           Tloc           100%       N/A       0%          1
g - Leda's Unmaking       Conj/Erth      49%        9d8       1%          6
h - Summon Lightning Spi  Summ/Air       100%       N/A       0%          4
i - Orb of Destruction    Conj           49%        9d13      1%          7
j - Borgnjor's Revivific  Necr           49%        N/A       8%          8
k - Summon Horrible Thin  Summ           49%        N/A       8%          8
l - Death's Door          Necr           49%        N/A       75%         9
m - Shatter               Erth           49%        3d38*     75%         9
Your spell library was empty.

Dungeon Overview and Level Annotations

Branches:
Dungeon (15/15)            Temple (0/1) D:6            Lair (5/5) D:11
 Shoals (4/4) Lair:2       Spider (4/4) Lair:2        Slime (5/5) Lair:4
    Orc (2/2) D:12            Elf (3/3) Orc:2        Vaults (4/5) D:13
  Crypt (1/3) Vaults:2     Depths (4/4) D:15            Zot (5/5) Depths:4
 Bailey (visited)

Altars:
Ashenzari
Cheibriados
Elyvilon
Gozag
Nemelex Xobeh
Okawaru
Qazlal
Trog
Uskayaw
Xom
Yredelemnul
Zin
The Shining One

Shops:
Orc:2 ([[*=   Elf:3 !??:   Shoals:1 :[*:*   Vaults:2 :(*[=   Depths:2 [
Depths:3 :   Depths:4 :=:

Portals:
Hell: Depths:1 Depths:2 Depths:3 Depths:4
Abyss: Depths:3
Pandemonium: Depths:1 Depths:2
Ziggurat: Depths:1

Annotations:
D:2 Natasha
Shoals:3 5 transporters
Spider:4 1 runed translucent door, Rethriojy's ghost, adept GrEE
Elf:2 4 runed translucent doors, Ivarchef's ghost, journeyman GrEE
Depths:1 exclusion: door
Zot:1 4 transporters, Hicanoach's ghost, master DsGl
Zot:3 1 transporter
Zot:5 exclusion: obsidian statue


Innate Abilities, Weirdness & Mutations

You are immune to sickness and miasma.
You are immune to poison.
Your flesh is very heat resistant. (rF++)
You are very vulnerable to cold. (rC--)
You float through the air rather than walking.
You learn spells naturally, not from books.
Your magical power is your life essence.
You have superior vitality. (+4 MHP)
You possess an exceptional clarity of mind.
You occasionally shout uncontrollably at your foes.


Message History

The lich conjures a glowing orb.
The orb of destruction hits a stone wall.
Sezaav gestures at you.
The blast of poison engulfs you but does no damage.
You resist.
Sezaav gestures.
Sezaav's surroundings become eerily quiet.
Sezaav conjures a glowing orb.
An orb of destruction comes into view.
Sezaav gestures.
Sezaav's surroundings become eerily quiet.
The orb of destruction hits a stone wall.
There is a stone staircase leading up here.
You fly upwards.
Level annotation: Natasha
There is a stone staircase leading down here.
Unknown command.
(D) Dungeon (T) Temple (L) Lair (A) Shoals (N) Spider Nest (M) Slime Pits (O) Orcish Mines (E) Elven Halls (V) Vaults (C) Crypt (U) Depths (H) Hell (Z) Zot
Where to? (Tab/Enter - D:1 @ (x,y), ? - help)
What level of the Dungeon? (default 1, ? - help)
You see here a +0 robe.
There is a stone staircase leading up here.
You fly upwards.
There is a stone staircase leading down here.
There is an open door here.
There is a staircase leading out of the dungeon here.
Unknown command.
(D) Dungeon (T) Temple (L) Lair (A) Shoals (N) Spider Nest (M) Slime Pits (O) Orcish Mines (E) Elven Halls (V) Vaults (C) Crypt (U) Depths (H) Hell (Z) Zot
Where to? (Tab/Enter - D:1 @ (x,y), ? - help)
What level of the Dungeon? (default 1, ? - help)
Okay, then.
Unknown command.
Unknown command.
You have escaped!

............##...##.#.....#####..
#....####...........'.....'...#..
#'##........###.#####.....#####..
............'...#...#.....# #..
...#........###.#...#.....# #..
...#.######## #.#...'....######..
...#.##########.#...##.........##
................#...##.........##
#.##.###....##..@.####.........##
#.#...####..##....# #...........
..#....##>...##>..# #...........
###....###...###..# #...........
###.....##....#...# #...........
.†...#..###...##..# ###'####.###
##..##...##....#.(# #.# #.#
#..#....###...#..######.####.#
##..#.....###..##.............#


There were no monsters in sight!

Vanquished Creatures
  the Royal Jelly (Slime:5)
  2 dread liches (Zot:5)
  7 orbs of fire (Zot:5)
  An ancient lich (Depths:3)
  Mara (Vaults:3)
  2 juggernauts
  2 Killer Klowns (Zot:5)
  Vv (Depths:3)
  Saint Roka (Depths:4)
  3 curse toes
  2 caustic shrikes (Depths:2)
  Margery (Vaults:3)
  9 golden dragons
  Nikola (Shoals:1)
  Arachne (Spider:4)
  2 Brimstone Fiends
  22 tentacled monstrosities
  8 electric golems
  2 walking crystal tomes
  Mlioglotl (Shoals:1)
  A Hell Sentinel (Abyss:1)
  Asterion (Vaults:1)
  Jorgrun (Shoals:1)
  4 liches
  A walking earthen tome (Depths:4)
  A walking frostbound tome (Depths:2)
  3 deep elf blademasters (Elf:3)
  26 Orb Guardians
  2 titans
  8 quicksilver dragons
  2 krakens
  5 sphinxes
  18 acid blobs
  A deep elf master archer (Elf:3)
  Gastronok (Lair:2)
  6 death cobs
  3 draconian monks
  5 shadow dragons
  4 tentacled starspawn
  4 tengu reavers
  13 storm dragons
  2 draconian knights
  Aizul (Elf:1)
  A fire giant (Depths:4)
  13 rockslimes
  14 azure jellies
  3 emperor scorpions (Spider:4)
  An iron dragon (Depths:3)
  Louise (Shoals:1)
  8 vault wardens
  3 frost giants
  4 deep elf sorcerers (Elf:3)
  A balrug (Abyss:3)
  2 draconian scorchers (Zot:1)
  3 ghost moths
  5 spectral caustic shrikes (Depths:1)
  4 orc warlords
  3 spriggan defenders
  4 war gargoyles (Vaults:4)
  A cacodemon (Abyss:4)
  3 deep elf elementalists (Elf:3)
  4 draconian annihilators
  6 draconian shifters
  A reaper (Abyss:1)
  7 quicksilver oozes (Slime:5)
  10 ironbound preservers
  5 broodmothers
  8 ironbound thunderhulks
  9 formless jellyfish
  5 green draconians
  10 stone giants
  A vampire knight (Crypt:1)
  9 very ugly things
  4 dire elephants (Vaults:2)
  2 deep elf demonologists (Elf:3)
  10 deep elf annihilators
  5 white draconians
  2 minotaurs (Shoals:4)
  3 black draconians (Zot:1)
  Azrael (Elf:2)
  6 spark wasps
  12 red draconians
  5 purple draconians
  9 yellow draconians
  3 deep elf death magi
  A blizzard demon (D:15)
  4 merfolk javelineers (Shoals:4)
  6 jiangshi
  3 crystal guardians
  5 entropy weavers
  8 ettins
  7 deep elf high priests
  8 fire dragons
  Josephine (Shoals:1)
  6 yaktaur captains
  4 rakshasas
  5 spriggan air magi
  9 ice dragons
  5 vault guards (D:13)
  A merfolk impaler (Shoals:2)
  5 jorogumos
  8 great orbs of eyes
  An alligator snapping turtle (Shoals:4)
  Erolcha (D:10)
  2 hell beasts
  3 hydras
  5 ironbound frosthearts
  6 peacekeepers
  3 merfolk avatars
  8 centaur warriors
  2 ogre magi
  2 radroaches (Spider:4)
  11 boulder beetles
  2 catoblepae
  17 dancing weapons
  4 merfolk aquamancers
  A two-headed ogre (D:12)
  9 satyrs (Shoals:4)
  10 deep troll shamans
  6 demonic crawlers
  3 tengu warriors (D:13)
  5 death yaks (Lair:5)
  6 thrashing horrors
  An orc high priest (Orc:2)
  6 spriggan berserkers
  11 deep troll earth magi
  6 vampire magi
  4 wretched stars
  2 soul eaters (Crypt:1)
  13 hell knights
  A storm dragon zombie (Crypt:1)
  2 sixfirhies (Abyss:4)
  2 sun demons (Abyss:3)
  7 iron trolls
  5 skeletal warriors
  14 deep elf knights
  3 skysharks
  Amaemon (D:10)
  A shadow wraith (Crypt:1)
  Lodul (D:10)
  4 sea snakes
  2 sun moths (Spider:4)
  A flayed ghost (Depths:4)
  10 pharaoh ants
  6 orb spiders
  3 deep elf archers
  3 glowing orange brains
  53 deep trolls
  4 phantasmal warriors
  30 harpies
  7 ironbound convokers
  4 necromancers
  18 deep elf pyromancers
  3 steelbarb worms
  7 lindwurms
  9 wizards
  9 orc knights
  14 deep elf zephyrmancers
  A mana viper (shapeshifter) (Elf:1)
  5 starcursed masses
  6 shining eyes
  3 orc sorcerers (Orc:2)
  2 worldbinders
  14 fauns
  3 cyclopes
  31 ugly things
  28 wolf spiders
  16 manticores
  8 elephants
  7 merfolk sirens
  24 moths of wrath
  3 eyes of devastation
  7 black mambas
  3 smoke demons
  13 vault sentinels
  A torpor snail (shapeshifter) (Depths:3)
  18 cane toads
  8 water nymphs
  3 orange demons
  A dire elephant skeleton (Abyss:3)
  4 gargoyles (D:12)
  5 torpor snails
  7 komodo dragons
  A hellion (Abyss:3)
  2 kobold demonologists (D:12)
  2 efreet
  4 rime drakes
  4 unseen horrors
  6 tengu conjurers
  27 yaktaurs
  A yaktaur (shapeshifter) (D:15)
  A catoblepas skeleton (Crypt:1)
  An ice devil (Abyss:3)
  A queen bee (Spider:2)
  3 hellwings (Zot:5)
  A red devil (Depths:1)
  7 polar bears
  13 trolls
  9 meliai
  2 ancient zymes
  2 wind drakes
  26 merfolk
  11 hornets
  38 tarantellas
  32 blink frogs
  4 dream sheep
  6 snapping turtles
  57 slime creatures
  3 air elementals
  31 jumping spiders
  27 culicivoras
  20 spriggans
  A flying skull (Abyss:1)
  9 wraiths
  7 ynoxinuls
  A culicivora (shapeshifter) (Depths:4)
  43 yaks
  4 wyverns
  A vampire (Abyss:3)
  6 basilisks
  9 large abominations
  A chaos spawn (Abyss:4)
  25 water elementals
  4 fire elementals
  2 golden eyes (Slime:5)
  2 humans (D:7)
  55 redbacks
  18 vampire mosquitoes
  5 wargs
  5 acid dragons
  Edmund (D:6)
  15 water moccasins
  2 floating eyes
  6 hell hounds
  A swamp drake (shapeshifter) (Depths:3)
  2 ice beasts
  28 orc warriors
  2 black bears
  4 sky beasts
  19 ogres
  4 boggarts (Lair:5)
  32 wolves
  6 centaurs
  11 small abominations
  2 kobold brigands
  3 earth elementals
  A gnoll sergeant (D:13)
  10 bullfrogs
  2 scorpions (D:5)
  5 wights
  31 killer bees
  A warg skeleton (Crypt:1)
  5 howler monkeys
  2 crimson imps
  3 hounds
  A jelly (D:6)
  2 human zombies (Crypt:1)
  15 orc priests
  2 gnoll boudas
  2 human skeletons (Crypt:1)
  2 iron imps
  A sleepcap (D:5)
  Ijyb (D:4)
  4 iguanas
  Natasha (twice) (D:2)
  28 orc wizards
  A deep dwarf skeleton (Crypt:1)
  6 mummies (Crypt:1)
  Robin (D:3)
  13 gnolls
  6 adders
  3 white imps
  2 ufetubi (D:5)
  2 worms
  2 dart slugs
  72 orcs
  4 ball pythons
  2 endoplasms
  2 giant cockroaches
  15 goblins
  15 hobgoblins
  2 jackals (D:4)
  12 kobolds
  5 quokkas
  6 bats
  2 frilled lizards
  A quokka skeleton (Crypt:1)
  7 rats
  A spectral orc (D:9)
  4 starspawn tentacles (Abyss:3)
  A tentacle (Shoals:2)
2060 creatures vanquished.

Vanquished Creatures (collateral kills)
  A golden dragon (Depths:3)
  A tentacled starspawn (Abyss:1)
  Donald (Shoals:1)
  A ghost moth (Abyss:4)
  2 very ugly things (Depths:4)
  A wizard (Abyss:4)
  A black draconian (Zot:1)
  A white draconian (Depths:4)
  2 deep troll shamans (Depths:3)
  A deep troll (Depths:3)
  A faun (Shoals:1)
  A spriggan (Depths:3)
  2 small abominations
16 creatures vanquished.

Vanquished Creatures (others)
  An Orb Guardian (Zot:5)
  An eldritch tentacle (Abyss:4)
  A centaur warrior (Shoals:1)
  An orb spider (Spider:4)
  A deep elf zephyrmancer (Elf:1)
  A manticore (Shoals:4)
  A shadow imp (Abyss:1)
  8 starspawn tentacles
  11 tentacles
26 creatures vanquished.

Grand Total: 2102 creatures vanquished

Notes
Turn   | Place    | Note
-------+----------+-------------------------------------------
     0 | D:1      | SuPeRPuSSyNoOTAB the Djinni Fighter began the quest for the
                  | Orb.
     0 | D:1      | Reached XP level 1. HP: 20/20 MP: 0/0
   122 | D:1      | Reached XP level 2. HP: 25/25 MP: 0/0
   406 | D:1      | Reached XP level 3. HP: 30/30 MP: 0/0
   406 | D:1      | Learned a level 1 spell: Apportation
   537 | D:1      | Reached skill level 1 in Staves
   697 | D:1      | Reached skill level 1 in Stealth
  1050 | D:2      | Noticed Natasha
  1054 | D:2      | Killed Natasha
  1055 | D:2      | Reached XP level 4. HP: 33/35 MP: 0/0
  1764 | D:2      | Reached skill level 1 in Spellcasting
  1764 | D:2      | Reached skill level 1 in Conjurations
  1764 | D:2      | Reached skill level 1 in Hexes
  1764 | D:2      | Reached skill level 1 in Summonings
  1764 | D:2      | Reached skill level 1 in Necromancy
  1764 | D:2      | Reached skill level 1 in Translocations
  1764 | D:2      | Reached skill level 1 in Transmutations
  1764 | D:2      | Reached skill level 1 in Fire Magic
  1764 | D:2      | Reached skill level 1 in Ice Magic
  1764 | D:2      | Reached skill level 1 in Air Magic
  1764 | D:2      | Reached skill level 1 in Earth Magic
  1764 | D:2      | Reached skill level 1 in Poison Magic
  1764 | D:2      | Reached XP level 5. HP: 40/40 MP: 0/0
  1764 | D:2      | Learned a level 2 spell: Lesser Beckoning
  1866 | D:2      | Noticed Natasha
  1884 | D:2      | Killed Natasha
  2088 | D:2      | Noticed Natasha
  2383 | D:3      | Found a snail-covered altar of Cheibriados.
  2423 | D:3      | Became a worshipper of Cheibriados the Contemplative
  2681 | D:3      | Noticed Robin
  2792 | D:3      | Killed Robin
  2952 | D:3      | Reached * piety under Cheibriados
  3087 | D:4      | Noticed Ijyb
  3103 | D:4      | Killed Ijyb
  3104 | D:4      | Reached XP level 6. HP: 34/46 MP: 0/0
  3220 | D:4      | Identified the +8 short sword "Qyaguugg" {holy, Will+ rCorr
                  | Int+4}
  3282 | D:4      | Found a glowing silver altar of Zin.
  3369 | D:4      | Reached skill level 2 in Air Magic
  3477 | D:4      | Found a glowing golden altar of the Shining One.
  3672 | D:4      | Reached skill level 1 in Invocations
  3672 | D:4      | Reached skill level 1 in Evocations
  3786 | D:5      | Entered Level 5 of the Dungeon
  3790 | D:5      | Noticed an ogre
  3800 | D:5      | Killed an ogre
  3801 | D:5      | Reached XP level 7. HP: 34/50 MP: 0/0
  3801 | D:5      | Learned a level 3 spell: Teleport Other
  4025 | D:5      | Reached ** piety under Cheibriados
  4184 | D:5      | Noticed a water moccasin
  4348 | D:5      | Identified a scroll of acquirement
  4350 | D:5      | Acquired the +7 lajatang of Order {silver, rMut}
  4350 | D:5      | Found the +7 lajatang of Order {silver, rMut}
  4549 | D:5      | Killed a water moccasin
  4591 | D:5      | Found a hide-covered altar of Uskayaw.
  4670 | D:5      | Reached XP level 8. HP: 53/58 MP: 0/0
  4677 | D:5      | Reached skill level 3 in Air Magic
  5394 | D:6      | Noticed Edmund
  5425 | D:6      | Killed Edmund
  5603 | D:6      | Found a staircase to the Ecumenical Temple.
  5625 | D:6      | Reached skill level 5 in Staves
  5714 | D:6      | Reached *** piety under Cheibriados
  5727 | D:6      | Reached XP level 9. HP: 22/63 MP: 0/0
  5727 | D:6      | Learned a level 4 spell: Summon Lightning Spire
  5938 | D:6      | Found a shimmering altar of Xom.
  6401 | D:7      | Reached skill level 4 in Air Magic
  6450 | D:7      | Found a stormy altar of Qazlal.
  6472 | D:7      | Found an iron altar of Okawaru.
  6478 | D:7      | Reached skill level 5 in Fighting
  6515 | D:7      | Found an opulent altar of Gozag.
  6545 | D:7      | Found a broken altar of Ashenzari.
  6834 | D:7      | Reached **** piety under Cheibriados
  7021 | D:7      | Found a sparkling altar of Nemelex Xobeh.
  7617 | D:8      | Reached XP level 10. HP: 69/71 MP: 0/0
  7746 | D:8      | Reached skill level 5 in Spellcasting
  7746 | D:8      | Reached skill level 5 in Conjurations
  7746 | D:8      | Reached skill level 5 in Hexes
  7746 | D:8      | Reached skill level 5 in Summonings
  7746 | D:8      | Reached skill level 5 in Necromancy
  7746 | D:8      | Reached skill level 5 in Translocations
  7746 | D:8      | Reached skill level 5 in Transmutations
  7746 | D:8      | Reached skill level 5 in Fire Magic
  7746 | D:8      | Reached skill level 5 in Ice Magic
  7746 | D:8      | Reached skill level 5 in Air Magic
  7746 | D:8      | Reached skill level 5 in Earth Magic
  7746 | D:8      | Reached skill level 5 in Poison Magic
  7946 | D:8      | Reached skill level 5 in Invocations
  8070 | D:8      | Found a bloodstained altar of Trog.
  9037 | D:9      | Reached ***** piety under Cheibriados
  9609 | D:9      | Found a basalt altar of Yredelemnul.
  9712 | D:10     | Entered Level 10 of the Dungeon
  9717 | D:10     | Noticed Lodul
  9722 | D:10     | Killed Lodul
  9723 | D:10     | Reached XP level 11. HP: 44/79 MP: 0/0
  9723 | D:10     | Learned a level 4 spell: Leda's Liquefaction
  9974 | D:10     | Noticed Amaemon
  9980 | D:10     | Killed Amaemon
  9994 | D:10     | Noticed Erolcha
 10017 | D:10     | Found a flagged portal.
 10026 | Bailey   | Entered a bailey
 10546 | D:10     | Acquired the ring of Leaves {Drain rC++ Will+ EV+5}
 10739 | D:10     | Noticed a purple ugly thing
 10746 | D:10     | Killed a purple ugly thing
 11332 | D:10     | Killed Erolcha
 11493 | D:11     | Noticed a cyclops
 11505 | D:11     | Killed a cyclops
 11556 | D:11     | Reached skill level 6 in Air Magic
 11680 | D:11     | Found a staircase to the Lair.
 11840 | D:11     | Reached ****** piety under Cheibriados
 12083 | Lair:1   | Entered Level 1 of the Lair of Beasts
 12096 | Lair:1   | Reached XP level 12. HP: 66/86 MP: 0/0
 12401 | Lair:1   | Reached skill level 10 in Staves
 12724 | Lair:1   | Identified the +1 pair of gloves "Upruugh" {+Inv rF+}
 13795 | Lair:2   | Noticed Gastronok
 13985 | Lair:2   | Reached XP level 13. HP: 89/94 MP: 0/0
 13985 | Lair:2   | Learned a level 5 spell: Arcjolt
 13997 | Lair:2   | Found a hole to the Spider Nest.
 14016 | Lair:2   | Killed Gastronok
 14049 | Lair:2   | Reached skill level 5 in Armour
 14521 | Lair:2   | Found a staircase to the Shoals.
 15152 | Lair:3   | Acquired a manual of Air Magic
 15208 | Lair:3   | Noticed a catoblepas
 15224 | Lair:3   | Killed a catoblepas
 15236 | Lair:3   | Reached skill level 7 in Air Magic
 16375 | Lair:4   | Identified the +1 cloak "Goen" {rF- Regen+ Int+6 SInv}
 16524 | Lair:4   | Reached skill level 10 in Fighting
 16825 | Lair:4   | Found a staircase to the Slime Pits.
 16930 | Lair:5   | Entered Level 5 of the Lair of Beasts
 16956 | Lair:5   | Reached XP level 14. HP: 57/103 MP: 0/0
 17120 | Lair:5   | Reached skill level 8 in Air Magic
 17559 | Lair:5   | Reached skill level 9 in Air Magic
 17654 | Lair:5   | Reached skill level 1 in Dodging
 18199 | Lair:5   | Reached XP level 15. HP: 107/107 MP: 0/0
 18199 | Lair:5   | Learned a level 6 spell: Leda's Unmaking
 18245 | Lair:5   | Reached skill level 10 in Air Magic
 18733 | D:12     | Found a staircase to the Orcish Mines.
 18743 | Orc:1    | Entered Level 1 of the Orcish Mines
 18942 | Orc:2    | Entered Level 2 of the Orcish Mines
 19003 | Orc:2    | Found a staircase to the Elven Halls.
 19091 | Orc:2    | Noticed an orc warlord
 19097 | Orc:2    | Killed an orc warlord
 19224 | Orc:2    | Noticed an orc warlord
 19255 | Orc:2    | Killed an orc warlord
 19312 | Orc:2    | Reached skill level 11 in Air Magic
 19356 | Orc:2    | Found Mutsemas's Antique Armour Boutique.
 19381 | Orc:2    | Found Pewuasch's Jewellery Boutique.
 19396 | Orc:2    | Found Dorchek's General Store.
 19404 | Orc:2    | Bought 4 javelins for 180 gold pieces
 19412 | Orc:2    | Found Gyvelore's Antique Weapon Boutique.
 19602 | Orc:2    | Found Vojeblon's Antique Armour Emporium.
 19762 | Orc:2    | Bought a glowing hat for 182 gold pieces
 20256 | D:12     | Reached skill level 10 in Invocations
 20272 | D:12     | Identified the +0 robe of Umuekeyf {rN+ Str-4 Int+8}
 20300 | D:12     | Reached skill level 5 in Dodging
 20521 | D:12     | Reached skill level 12 in Air Magic
 20862 | D:13     | Reached skill level 10 in Spellcasting
 20862 | D:13     | Reached skill level 10 in Conjurations
 20862 | D:13     | Reached skill level 10 in Hexes
 20862 | D:13     | Reached skill level 10 in Summonings
 20862 | D:13     | Reached skill level 10 in Necromancy
 20862 | D:13     | Reached skill level 10 in Translocations
 20862 | D:13     | Reached skill level 10 in Transmutations
 20862 | D:13     | Reached skill level 10 in Fire Magic
 20862 | D:13     | Reached skill level 10 in Ice Magic
 20862 | D:13     | Reached skill level 10 in Earth Magic
 20862 | D:13     | Reached skill level 10 in Poison Magic
 20880 | D:13     | Reached XP level 16. HP: 99/113 MP: 0/0
 20922 | D:13     | Reached skill level 10 in Armour
 21151 | D:13     | Found a gate to the Vaults.
 21708 | D:14     | Found a portal to a secret trove of treasure.
 21796 | D:14     | Reached skill level 13 in Air Magic
 22426 | Orc:2    | Bought a lajatang for 375 gold pieces
 22556 | D:15     | Entered Level 15 of the Dungeon
 22990 | D:15     | Found a staircase to the Depths.
 23186 | D:15     | Upgraded the game from 0.31-a0-542-gdc2a67831c to
                  | 0.31-a0-544-gceb718ecc6
 23293 | Spider:1 | Entered Level 1 of the Spider Nest
 24283 | Spider:2 | Reached XP level 17. HP: 100/119 MP: 0/0
 24283 | Spider:2 | Learned a level 7 spell: Enfeeble
 25107 | Spider:2 | Reached skill level 14 in Air Magic
 25715 | Spider:4 | Entered Level 4 of the Spider Nest
 25715 | Spider:4 | Noticed Rethriojy's ghost (adept GrEE)
 25715 | Spider:4 | Found a runed translucent door.
 25730 | Spider:4 | Reached skill level 15 in Air Magic
 26213 | Spider:4 | Reached XP level 18. HP: 107/130 MP: 0/0
 26594 | Spider:4 | Noticed Arachne
 26599 | Spider:4 | Reached skill level 16 in Air Magic
 26617 | Spider:4 | Killed Arachne
 26792 | Spider:4 | Got a gossamer rune of Zot
 26812 | Spider:4 | Reached XP level 19. HP: 135/135 MP: 0/0
 26812 | Spider:4 | Learned a level 7 spell: Orb of Destruction
 27039 | Shoals:1 | Entered Level 1 of the Shoals
 27039 | Shoals:1 | Noticed Josephine
 27050 | Shoals:1 | Noticed Mlioglotl
 27052 | Shoals:1 | Killed Josephine
 27096 | Shoals:1 | Killed Mlioglotl
 27180 | Shoals:1 | Found Udoch's Assorted Antiques.
 27198 | Shoals:1 | Found Betsita's Book Boutique.
 27200 | Shoals:1 | Bought a potion of heal wounds for 120 gold pieces
 27200 | Shoals:1 | Bought a scroll of revelation for 180 gold pieces
 27208 | Shoals:1 | Identified the +4 scale mail of Syll {rC+}
 27237 | Shoals:1 | Found Tamuc's Book Emporium.
 27264 | Shoals:1 | Noticed Donald
 27270 | Shoals:1 | Noticed Jorgrun
 27273 | Shoals:1 | Noticed Louise
 27411 | Shoals:1 | Reached skill level 17 in Air Magic
 27486 | Shoals:1 | Found Musebum's Armour Shop.
 27499 | Shoals:1 | Killed Donald
 27530 | Shoals:1 | Bought the +2 helmet "Quczah" {rC+ Slay+3} for 534 gold
                  | pieces
 27551 | Shoals:1 | Noticed Nikola
 27558 | Shoals:1 | Killed Nikola
 27668 | Shoals:1 | Killed Jorgrun
 27789 | Shoals:1 | Found Medata's General Store.
 27802 | Shoals:1 | Bought a potion of invisibility for 128 gold pieces
 28195 | Shoals:2 | Reached XP level 20. HP: 141/141 MP: 0/0
 29096 | Shoals:3 | Found a transporter.
 29098 | Shoals:3 | Found a transporter.
 29246 | Shoals:3 | Found a transporter.
 29247 | Shoals:3 | Found a transporter.
 29365 | Shoals:3 | Found a transporter.
 29367 | Shoals:3 | Found a transporter.
 29718 | Shoals:4 | Entered Level 4 of the Shoals
 29720 | Shoals:4 | Paralysed by a sphinx for 5 turns
 29744 | Shoals:4 | Reached skill level 15 in Armour
 29758 | Shoals:4 | Reached skill level 18 in Air Magic
 30060 | Shoals:4 | Acquired the ring "Gaxy" {rN++ rCorr Int-4 Dex+6 Slay+6}
 30165 | Shoals:4 | Reached skill level 1 in Throwing
 30165 | Shoals:4 | Reached skill level 19 in Air Magic
 30187 | Shoals:4 | Identified the +7 short sword of the Two Names {freeze,
                  | *Slow rPois Int+5}
 30267 | Shoals:4 | Got a barnacled rune of Zot
 30371 | Shoals:4 | Found the +9 sword of Power {lifebolt}
 30699 | Shoals:1 | Killed Louise
 30887 | Vaults:1 | Entered Level 1 of the Vaults
 31029 | Vaults:1 | Noticed Asterion
 31042 | Vaults:1 | Killed Asterion
 31145 | Vaults:1 | Identified the +6 whip of the Saviour {drain, rElec rF+ rC+
                  | Int-3}
 31186 | Vaults:1 | Identified the +3 dagger "Firus Pez" {chaos, Int+3 Dex+4}
 31317 | Vaults:1 | Reached skill level 15 in Spellcasting
 31317 | Vaults:1 | Reached skill level 15 in Conjurations
 31317 | Vaults:1 | Reached skill level 15 in Hexes
 31317 | Vaults:1 | Reached skill level 15 in Summonings
 31317 | Vaults:1 | Reached skill level 15 in Necromancy
 31317 | Vaults:1 | Reached skill level 15 in Translocations
 31317 | Vaults:1 | Reached skill level 15 in Transmutations
 31317 | Vaults:1 | Reached skill level 15 in Fire Magic
 31317 | Vaults:1 | Reached skill level 15 in Ice Magic
 31317 | Vaults:1 | Reached skill level 15 in Earth Magic
 31317 | Vaults:1 | Reached skill level 15 in Poison Magic
 31324 | Vaults:1 | Reached XP level 21. HP: 90/147 MP: 0/0
 31324 | Vaults:1 | Learned a level 8 spell: Borgnjor's Revivification
 31330 | Vaults:1 | Reached skill level 5 in Throwing
 31437 | Vaults:1 | Identified the ring of the Eight Tales {rF- rN+ Str+6
                  | Int+3}
 32771 | Vaults:1 | Identified the +3 leather armour of Kuwn {rF+ Regen+ Dex-5}
 33064 | Vaults:2 | Found Unihuf's General Store.
 33068 | Vaults:2 | Bought a potion of heal wounds for 80 gold pieces
 33068 | Vaults:2 | Bought a scroll of fear for 64 gold pieces
 33073 | Vaults:2 | Found Sawnoo Noyh's Antique Weapon Shop.
 33630 | Vaults:2 | Reached skill level 20 in Air Magic
 33879 | Vaults:2 | Found a transporter.
 33884 | Vaults:2 | Found Reggoes's Jewellery Shop.
 33900 | Vaults:2 | Found a transporter.
 33984 | Vaults:2 | Found Fimyxt's Armour Shoppe.
 34092 | Vaults:2 | Found a staircase to the Crypt.
 34421 | Vaults:2 | Found Ykaufo's Book Boutique.
 35066 | Vaults:3 | Reached XP level 22. HP: 157/157 MP: 0/0
 35103 | Vaults:3 | Noticed Mara
 35113 | Vaults:3 | Noticed SuPeRPuSSyNoOTAB's illusion
 35868 | Vaults:3 | Killed Mara
 37631 | Vaults:4 | Identified the +4 ring mail of the Quiescent God {rF+
                  | Str+2}
 38666 | Depths:1 | Entered Level 1 of the Depths
 38740 | Depths:1 | Found a white marble altar of Elyvilon.
 38766 | Depths:1 | Reached skill level 1 in Shapeshifting
 38809 | Depths:1 | Found a one-way gate leading to the halls of Pandemonium.
 39309 | Elf:1    | Entered Level 1 of the Elven Halls
 39361 | Elf:1    | Noticed Aizul
 39414 | Elf:1    | Found a flickering gateway to a bazaar.
 39445 | Bazaar   | Entered a bazaar
 39449 | Bazaar   | Found Baojav's Antique Armour Boutique.
 39466 | Bazaar   | Found Weushryl's Weapon Shoppe.
 39481 | Bazaar   | Found Fyh Gaf's General Store.
 39486 | Bazaar   | Bought a potion of resistance for 130 gold pieces
 39486 | Bazaar   | Bought a scroll of teleportation for 39 gold pieces
 39486 | Bazaar   | Bought a potion of heal wounds for 65 gold pieces
 39507 | Bazaar   | Found Qegiloem's Assorted Antiques.
 39512 | Bazaar   | Bought a scroll of blinking for 142 gold pieces
 39512 | Bazaar   | Bought a potion of curing for 57 gold pieces
 39742 | Elf:1    | Killed Aizul
 39748 | Elf:1    | Paralysed by an air elemental for 1 turns
 39848 | Elf:1    | Identified the +0 pair of boots of Disguise {rF+ Regen+}
 40336 | Elf:2    | Found a runed translucent door.
 40342 | Elf:2    | Noticed Ivarchef's ghost (journeyman GrEE)
 40343 | Elf:2    | Noticed Azrael
 40359 | Elf:2    | Killed Azrael
 40485 | Elf:2    | Reached XP level 23. HP: 165/165 MP: 0/0
 40485 | Elf:2    | Learned a level 8 spell: Summon Horrible Things
 40663 | Elf:2    | Reached skill level 21 in Air Magic
 40727 | Elf:2    | Found a runed translucent gate.
 40729 | Elf:2    | Found a runed translucent gate.
 40729 | Elf:2    | Found a runed translucent gate.
 40909 | Elf:3    | Entered Level 3 of the Elven Halls
 40933 | Elf:3    | Found Obriatef's Distillery.
 40938 | Elf:3    | Found Heujo's Magic Scroll Boutique.
 40938 | Elf:3    | Found Kyofad's Magic Scroll Shop.
 40957 | Elf:3    | Found Hipaf's Book Boutique.
 40961 | Elf:3    | Bought 2 potions of heal wounds for 190 gold pieces
 40961 | Elf:3    | Bought a potion of invisibility for 152 gold pieces
 40972 | Elf:3    | Bought a scroll of blinking for 90 gold pieces
 40972 | Elf:3    | Bought a scroll of blinking for 90 gold pieces
 40982 | Elf:3    | Bought a scroll of blinking for 105 gold pieces
 40982 | Elf:3    | Bought a scroll of enchant armour for 105 gold pieces
 41533 | Elf:3    | Identified the ring "Juwk" {rPois rC- Will+ rCorr Dex+5}
 41698 | Elf:3    | Identified the ring of Zaradejiu {rF+ rN++ rCorr Int-2
                  | SInv}
 41752 | Elf:3    | Identified the +5 scale mail "Loqoul" {Fly rF- Str+8}
 41872 | Elf:3    | Identified the ring "Cedoint" {rPois Str-5 Int+2 Dex+4}
 41935 | Elf:3    | Identified the +1 rapier of Devotion {vamp, Int+4 Dex+3}
 41948 | Elf:3    | Reached skill level 15 in Fighting
 41948 | Elf:3    | Identified the orb "Qom Xuk" {light, rN+ Str+7 Int-3 SInv}
 42020 | Elf:3    | Identified the +8 falchion of the Scorpion {flame, rElec
                  | rN+}
 42088 | Elf:3    | Identified the staff "Buogh" {rElec Dex+3 Air}
 42169 | Elf:3    | Acquired 568 gold pieces
 42465 | Elf:3    | Bought a scroll of acquirement for 728 gold pieces
 42465 | Elf:3    | Bought a scroll of acquirement for 728 gold pieces
 42465 | Elf:3    | Bought a scroll of fear for 56 gold pieces
 42465 | Elf:3    | Bought a scroll of fog for 56 gold pieces
 42471 | Elf:3    | Bought a scroll of revelation for 90 gold pieces
 42479 | Elf:3    | Acquired the +8 orange crystal plate armour {Archmagi,
                  | Int+3 Clar}
 42479 | Elf:3    | Found the +8 orange crystal plate armour {Archmagi, Int+3
                  | Clar}
 42914 | Slime:1  | Entered Level 1 of the Pits of Slime
 43280 | Slime:4  | Reached skill level 22 in Air Magic
 43405 | Slime:5  | Entered Level 5 of the Pits of Slime
 43430 | Slime:5  | Paralysed by a floating eye for 3 turns
 43462 | Slime:5  | Gained mutation: Your body sometimes deteriorates upon
                  | taking damage. [a shining eye]
 43473 | Slime:5  | Lost mutation: Your body sometimes deteriorates upon taking
                  | damage. [potion of mutation]
 43473 | Slime:5  | Gained mutation: You possess an exceptional clarity of
                  | mind. [potion of mutation]
 43764 | Slime:5  | Reached XP level 24. HP: 168/175 MP: 0/0
 43875 | Slime:5  | Noticed the Royal Jelly
 43881 | Slime:5  | Killed the Royal Jelly
 44123 | Slime:5  | Identified the ring "Duypt" {Fire Int+2}
 44126 | Slime:5  | Identified the ring of the Archfiend {rPois rC+ SInv}
 44148 | Slime:5  | Identified the +0 chain mail of Cowardice {MP+9 Slay+2}
 44161 | Slime:5  | Identified the +12 plate armour "Oxam" {Str+2}
 44167 | Slime:5  | Got a slimy rune of Zot
 44220 | Slime:5  | Identified the +5 quarterstaff of Extermination {drain, rC+
                  | rCorr}
 44651 | Depths:1 | Found a gateway to Hell.
 44722 | Depths:1 | Found a one-way gateway to a ziggurat.
 45517 | Vaults:3 | Noticed Margery
 45525 | Vaults:3 | Killed Margery
 45652 | Crypt:1  | Entered Level 1 of the Crypt
 46241 | D:14     | You paid a toll of +4 storm dragon scales to enter a
                  | treasure trove
 46242 | Trove    | Entered a treasure trove
 46249 | Trove    | Identified the +0 pair of gloves "Hoalaor" {Harm MP+9}
 46258 | Trove    | Identified the amulet "Falonea" {Regen+ Stlth+}
 46275 | Trove    | Identified the +4 scimitar of Lust {venom, rElec}
 47130 | Depths:2 | Reached skill level 23 in Air Magic
 47311 | Depths:2 | Found Huitikhavui's Armour Shop.
 47660 | Depths:2 | Noticed a caustic shrike
 47771 | Depths:2 | Killed a caustic shrike
 47931 | Depths:3 | Reached XP level 25. HP: 176/184 MP: 0/0
 47931 | Depths:3 | Learned a level 9 spell: Death's Door
 47953 | Depths:3 | Found Toemes's Tiny Tomes.
 47997 | Depths:3 | Noticed a caustic shrike
 48010 | Depths:2 | Killed a caustic shrike
 48092 | Depths:3 | Noticed a juggernaut
 48169 | Depths:3 | Noticed Vv
 48187 | Depths:3 | Killed Vv
 48262 | Depths:3 | Noticed an ancient lich
 48275 | Depths:3 | Killed an ancient lich
 48283 | Depths:3 | Identified the ring of the Saviour {rF+ rN+}
 48412 | Depths:3 | Killed a juggernaut
 48421 | Depths:3 | Reached skill level 24 in Air Magic
 48641 | Depths:3 | Found a one-way gate to the infinite horrors of the Abyss.
 49120 | Depths:4 | Entered Level 4 of the Depths
 49551 | Depths:4 | Noticed Saint Roka
 49570 | Depths:4 | Killed Saint Roka
 49571 | Depths:4 | Reached XP level 26. HP: 175/194 MP: 0/0
 49595 | Depths:4 | Found a gate to the Realm of Zot.
 49632 | Depths:4 | Noticed a juggernaut
 49639 | Depths:4 | Killed a juggernaut
 50455 | Depths:4 | Found Petyrun's Book Shop.
 50455 | Depths:4 | Found Bikefef's Jewellery Shoppe.
 50456 | Depths:4 | Found Ribb's Book Shop.
 50465 | Depths:4 | Bought a manual of Long Blades for 1120 gold pieces
 50737 | Depths:3 | Voluntarily entered the Abyss.
 50759 | Abyss:1  | Found a corrupted altar of Lugonu.
 50773 | Abyss:1  | Found a corrupted altar of Lugonu.
 50781 | Abyss:1  | Found a corrupted altar of Lugonu.
 50801 | Abyss:1  | Found a corrupted altar of Lugonu.
 50835 | Abyss:1  | Reached skill level 1 in Long Blades
 50936 | Abyss:1  | Found a corrupted altar of Lugonu.
 51137 | Abyss:1  | Acquired a manual of Throwing
 51412 | Abyss:3  | Found a corrupted altar of Lugonu.
 51566 | Depths:3 | Escaped the Abyss
 51568 | Depths:3 | Voluntarily entered the Abyss.
 51707 | Abyss:3  | Reached skill level 5 in Long Blades
 51742 | Abyss:3  | Found a corrupted altar of Lugonu.
 51879 | Abyss:4  | Found a corrupted altar of Lugonu.
 51879 | Abyss:4  | Found a corrupted altar of Lugonu.
 51959 | Abyss:4  | Got an abyssal rune of Zot
 52014 | Depths:3 | Escaped the Abyss
 52069 | Zot:1    | Entered Level 1 of the Realm of Zot
 52083 | Zot:1    | Reached skill level 10 in Long Blades
 52165 | Zot:1    | Found a transporter.
 52181 | Zot:1    | Noticed Hicanoach's ghost (master DsGl)
 52186 | Zot:1    | Noticed a curse toe
 52526 | Zot:1    | Noticed a dread lich
 52527 | Zot:1    | Found a transporter.
 52735 | Zot:1    | Found a transporter.
 52783 | Zot:1    | Acquired the +0 gold dragon scales of the Foremost Hells
                  | {+Inv rElec rPois rF+ rC+ Str+3 Dex+5}
 53219 | Zot:1    | Reached XP level 27. HP: 75/201 MP: 0/0
 53219 | Zot:1    | Learned a level 9 spell: Shatter
 53322 | Zot:1    | Found a transporter.
 53543 | Zot:2    | You are sucked into a shaft and drop 2 floors!
 53736 | Zot:2    | Reached skill level 15 in Long Blades
 54860 | Zot:3    | Identified the +3 plate armour of the Cricket {rPois Str+3}
 55012 | Zot:3    | Found a transporter.
 55997 | Zot:5    | Entered Level 5 of the Realm of Zot
 56211 | Zot:5    | Reached skill level 25 in Air Magic
 56273 | Zot:5    | Reached skill level 5 in Evocations
 57214 | Zot:5    | Noticed an orb of fire
 57225 | Zot:5    | Killed an orb of fire
 57416 | Zot:5    | Noticed an orb of fire
 57418 | Zot:5    | Noticed an orb of fire
 57423 | Zot:5    | Noticed an orb of fire
 57425 | Zot:5    | Noticed an orb of fire
 57426 | Zot:5    | Noticed an orb of fire
 57432 | Zot:5    | Killed an orb of fire
 57432 | Zot:5    | Noticed an orb of fire
 57433 | Zot:5    | Reached skill level 10 in Dodging
 57434 | Zot:5    | Noticed a dread lich
 57435 | Zot:5    | Noticed a Killer Klown
 57440 | Zot:5    | Noticed a Killer Klown
 57449 | Zot:5    | Gained mutation: You occasionally shout uncontrollably at
                  | your foes. [an orb of fire]
 57457 | Zot:5    | Killed an orb of fire
 57462 | Zot:5    | Killed an orb of fire
 57475 | Zot:5    | Killed an orb of fire
 57475 | Zot:5    | Noticed a dread lich
 57482 | Zot:5    | Killed an orb of fire
 57492 | Zot:5    | Killed a dread lich
 57492 | Zot:5    | Killed a dread lich
 57502 | Zot:5    | Gained mutation: You are very vulnerable to cold. (rC--)
                  | [an orb of fire]
 57503 | Zot:5    | Killed an orb of fire
 57547 | Zot:5    | Killed a Killer Klown
 57555 | Zot:5    | Killed a Killer Klown
 57944 | Zot:5    | Got the Orb of Zot
 57961 | Zot:5    | Noticed Hoeriuj the pandemonium lord
 58530 | D:3      | Noticed Sezaav the pandemonium lord
 58621 | D:$      | Escaped with the Orb!

Illustrated notes

Levels and vault maps discovered:
D:1:      dpeg_arrival_long_road, layout_basic
D:2:      layout_loops_cross, minmay_tetromino_t4, uniq_natasha
D:3:      layout_basic, slow_altar_1, kennysheep_generic_room_3, uniq_robin
D:4:      layout_rooms, nicolae_overflow_hidden_temple,
          lemuel_coloured_pillars_altar, uniq_ijyb
D:5:      layout_loops_corners, mainiacjoe_overflow_brackets, st_stairs_9,
          kennysheep_nondescript
D:6:      layout_loops_ring, pf_just_have_faith, minmay_temple_entry_mist,
          kennysheep_generic_room_4, uniq_edmund
D:7:      layout_basic, palyth_temple_overflow_mages,
          mainiacjoe_overflow_boulevard, overflow_temple_1_default,
          okawaru_humans, cheibrodos_ashenzari_chains,
          nicolae_qazlal_scattered_showers
D:8:      layout_loops_cross, trog_book, minmay_quadrilaterals
D:9:      layout_roguey, yredelemnul_forgotten_temple_becter,
          minmay_fire_ice_demons
D:10:     layout_small_grid, enter_bailey_2, uniq_amaemon, uniq_lodul,
          uniq_erolcha
D:11:     layout_loops_ring, lair_entry_dummy
D:12:     minmay_the_grid_3x3 [minmay_the_grid_plusring,
          minmay_the_grid_outer_circle, minmay_the_grid_x,
          minmay_the_grid_embedded, minmay_the_grid_slots,
          minmay_the_grid_large_cup, minmay_the_grid_garden,
          minmay_the_grid_all_tris, minmay_the_grid_prize_four_corners],
          layout_rooms, orc_0_dummy
D:13:     layout_loops_cross, grunt_vaults_entry_fortified,
          kennysheep_flooded_box, minivault_11, kennysheep_generic_room_12
D:14:     layout_long_grid, nicolae_trove_entry_isolated, hex_tiny,
          chequers_mini_garden
D:15:     grunt_enter_depths_hoard, layout_basic
Lair:1:   layout_cellular_growth, serial_bayou_shore_b
Lair:2:   layout_small_grid, elwin_shoals_entry_stream,
          spider_nest_entry_web_field, st_stairs_10, serial_bayou_crossing,
          grunt_megastairs_1, uniq_gastronok
Lair:3:   layout_loops_ring, pdpol_lair_neglected_garden,
          chequers_serial_rivers_large_b, st_stairs_13, minivault_19,
          grunt_forest_stairs_basic, serial_bayou_pond_e,
          chequers_serial_rivers_micro_a
Lair:4:   layout_cave_shapes, dpeg_slime_entry_enclosed
Lair:5:   minmay_lair_end_enchanted_forest, layout_regular_city, st_stairs_8
Shoals:1: layout_shoals, serial_shops, nicolae_shop_trees,
          nicolae_shop_hallway_plus, nicolae_shop_just_a_little_nook, shop,
          nicolae_shop_overgrown_old_shop, uniq_josephine, uniq_jorgrun,
          uniq_louise, uniq_donald, uniq_mlioglotl, uniq_nikola
Shoals:2: layout_shoals
Shoals:3: layout_shoals, serial_nicolae_subway, nicolae_sub_station_crystal,
          nicolae_sub_station_stone, nicolae_sub_station_metal
Shoals:4: shoals_end_hellmonk_lost_city
Spider:1: layout_spider_delve
Spider:2: layout_spider_delve, special_room [special_room_bee],
          guppyfry_spider_mini_2, hangedman_spider_tarantella_strand
Spider:3: layout_spider_delve, drop_trap
Spider:4: hellmonk_spider_rune_endless_swarm, special_room,
          gammafunk_ghost_grave, drop_trap, spiders_nest_ghost_moth_duel,
          uniq_arachne
Slime:1:  layout_caves
Slime:2:  cheibrodos_slime_lost_civilization_9, layout_caves
Slime:3:  layout_caves
Slime:4:  layout_caves
Slime:5:  slime_pit_nicolae_royal_road_to_ruin
Orc:1:    layout_caves
Orc:2:    grunt_orc_cross, layout_diamond_mine, serial_shops, shop,
          minmay_orc_barracks
Elf:1:    layout_gridlike, serial_shops, bzr_entry_islet,
          hangedman_elven_crosses_minicolossus, uniq_aizul
Elf:2:    nicolae_elf_blades_splatter_lattice [nicolae_blade_tridents],
          layout_geoelf_grid, hellmonk_ghost_big_iron, st_stairs_12, uniq_azrael
Elf:3:    minmay_elf_hall_quartered_circle, layout_gridlike, minivault_26,
          minmay_shoptagon
Vaults:1: nicolae_vaults_closet_pinwheel_6,
          nicolae_vaults_storing_the_good_stuff, nicolae_vaults_network_s,
          nicolae_vaults_trapezoid_lopsided_2, nicolae_vaults_network_barrier,
          vaults_dpeg_spiral, nicolae_vaults_network_quinsquares
          [nicolae_vaults_network_quincunx_subvault,
          nicolae_vaults_network_quincunx_subvault,
          nicolae_vaults_network_quincunx_subvault,
          nicolae_vaults_network_quincunx_subvault], v_misc_2, v_alt_pattern_4,
          nicolae_vaults_little_squares_5, dpeg_vaults_monster_box,
          nicolae_vaults_tetromino_Z_1, vaults_room_hallway, layout_vaults_ring,
          uniq_asterion
Vaults:2: ontoclasm_vaults_gateway, hangedman_vaults_river_flow,
          nicolae_vaults_frosty_reception, minmay_crypt_entry_simple_sparse,
          nicolae_vaults_closet_pinwheel_1, nicolae_vaults_gold_heap,
          grunt_vaults_focal, dpeg_vaults_hating_casters,
          nicolae_vaults_asterisk, layout_vaults_chaotic_city, serial_shops,
          shop, shop, shop, nicolae_shop_drivethru, nicolae_shop_peninsula
Vaults:3: vaults_standard_mumra_x, v_alt_pattern_1,
          nicolae_vaults_sightless_eye, v_misc_25, v_rooms_6, vaults_dpeg_hooks,
          nicolae_vaults_shipping_containers_3, hangedman_vaults_maws,
          nicolae_vaults_tetromino_Z_2, nicolae_vaults_tangram_2,
          vaults_room_hallway, layout_vaults_omnicross, uniq_margery, uniq_mara
Vaults:4: nicolae_vaults_trapezoid_4, v_pattern_5, hangedman_vaults_capsules,
          nicolae_vaults_puzzle_piece, nicolae_vaults_trapezoid_lopsided_4,
          nicolae_vaults_storage_closets_2, vaults_dpeg_ring,
          vaults_room_corners, ontoclasm_vaults_spin, layout_vaults_omnigrid
Crypt:1:  layout_misc_corridors, grunt_crypt_arrival_guarded_gate,
          grunt_megastairs_3
Depths:1: layout_gridlike, enter_ziggurat_b, grunt_pan_entry_spiral,
          pf_hell_entry_tar_river, nicolae_tso_swordbearing_angel,
          minmay_misc_feat_room, kennysheep_cross_room, grunt_ministairs_12,
          nicolae_elyvilon_peaceful_grove
Depths:2: minmay_mutant_horseshoe, layout_cross, rand_demon_pan_entry_7,
          chequers_serial_rivers_room_a, hell_entry,
          infiniplex_staircase_trident, minmay_shop_star
Depths:3: nicolae_fronds_of_death, layout_cave_pools, hell_entry,
          serial_bayou_lagoon_a, abyss_entry_crystal,
          nicolae_shop_i_like_small_books_too, uniq_vv
Depths:4: evilmike_zot_entry_basic, layout_cave_shapes,
          serial_sigils_hangedman_stare, hell_entry, minmay_shop_grove,
          grunt_megastairs_4, serial_bayou_shore_b, uniq_saint_roka
Zot:1:    layout_misc_corridors, gammafunk_ghost_mausoleum, nicolae_diode_stairs
Zot:2:    layout_gridville
Zot:3:    gammafunk_dig_for_victory, layout_cellular_growth
Zot:4:    layout_onion_interference, skrybe_zot_glass_1
Zot:5:    layout_basic

Skill      XL: |  1  2  3  4  5  6  7  8  9 10 11 12 13 14 15 16 17 18 19 20 21 22 23 24 25 26 27 |
---------------+----------------------------------------------------------------------------------+-----
Staves         | 2 3 4 5 6 8 9 11 12 14 | 14.0
Stealth        | 1 3 4 6 |  6.3
Spellcasting   | 1 2 3 4 5 6 7 8 10 12 13 15 16 17 18 19 | 19.3
Conjurations   | 1 2 3 4 5 6 7 8 10 12 13 15 16 17 18 19 | 19.3
Hexes          | 1 2 3 4 5 6 7 8 10 12 13 15 16 17 18 19 | 19.3
Summonings     | 1 2 3 4 5 6 7 8 10 12 13 15 16 17 18 19 | 19.3
Necromancy     | 1 2 3 4 5 6 7 8 10 12 13 15 16 17 18 19 | 19.3
Translocations | 1 2 3 4 5 6 7 8 10 12 13 15 16 17 18 19 | 19.3
Transmutations | 1 2 3 4 5 6 7 8 10 12 13 15 16 17 18 19 | 19.3
Fire Magic     | 1 2 3 4 5 6 7 8 10 12 13 15 16 17 18 19 | 19.3
Ice Magic      | 1 2 3 4 5 6 7 8 10 12 13 15 16 17 18 19 | 19.3
Air Magic      | 1 2 3 4 5 6 7 9 12 13 15 16 17 19 20 22 23 24 25 | 25.5
Earth Magic    | 1 2 3 4 5 6 7 8 10 12 13 15 16 17 18 19 | 19.3
Poison Magic   | 1 2 3 4 5 6 7 8 10 12 13 15 16 17 18 19 | 19.3
Invocations    | 1 2 3 4 6 7 8 9 10 11 12 13 | 13.8
Evocations     | 1 2 3 4 7 |  7.1
Fighting       | 4 5 7 8 9 10 12 13 14 15 17 18 19 | 19.4
Armour         | 4 6 8 9 11 12 13 14 15 17 19 20 21 22 | 22.1
Dodging        | 2 5 8 9 11 | 11.0
Throwing       | 4 8 9 |  9.7
Shapeshifting  | 2 |  2.4
Long Blades    | 14 16 | 16.0
Shields        | |  3.0
Unarmed Combat | |  2.7

Action                     |  1- 3 |  4- 6 |  7- 9 | 10-12 | 13-15 | 16-18 | 19-21 | 22-24 | 25-27 || total
---------------------------+-------+-------+-------+-------+-------+-------+-------+-------+-------++-------
  Melee: Unarmed           |   100 |       |       |       |       |       |       |       |       ||   100
         Staff             |    15 |   233 |       |       |       |       |       |       |       ||   248
         Quarterstaff      |       |    13 |       |       |       |       |       |       |       ||    13
         Short sword       |       |    19 |    61 |       |       |       |       |       |       ||    80
         Lajatang          |       |       |   122 |   340 |   574 |   402 |   612 |   938 |  1203 ||  4191
  Throw: Dart              |       |       |       |     9 |     8 |       |       |       |     3 ||    20
         Boomerang         |       |       |       |    20 |    49 |       |     2 |       |       ||    71
         Javelin           |       |       |       |       |       |       |       |       |     7 ||     7
   Cast: Teleport Other    |       |       |     1 |     1 |       |       |     1 |       |       ||     3
         Lesser Beckoning  |       |       |    13 |    37 |    62 |    75 |   118 |   144 |   145 ||   594
         Arcjolt           |       |       |       |       |    60 |   134 |    92 |    59 |    92 ||   437
         Apportation       |       |       |       |       |     4 |       |       |       |       ||     4
         Summon Lightning  |       |       |       |       |     1 |       |     7 |       |     2 ||    10
         Leda's Unmaking   |       |       |       |       |       |    24 |    81 |   117 |    53 ||   275
         Enfeeble          |       |       |       |       |       |       |     5 |    32 |   124 ||   161
         Orb of Destructio |       |       |       |       |       |       |     4 |     6 |       ||    10
         Leda's Liquefacti |       |       |       |       |       |       |     1 |     2 |       ||     3
         Summon Horrible T |       |       |       |       |       |       |       |       |     9 ||     9
 Invoke: Bend Time         |       |       |       |     3 |     2 |       |     4 |     3 |     7 ||    19
         Slouch            |       |       |       |     3 |     4 |    15 |     6 |     3 |    16 ||    47
         Temporal Distorti |       |       |       |       |     2 |     1 |     2 |       |     3 ||     8
         Step From Time    |       |       |       |       |       |       |       |       |     1 ||     1
  Evoke: Wand              |       |    15 |     7 |     5 |     3 |       |     9 |       |     1 ||    40
         Lightning rod     |       |       |       |     3 |       |       |       |       |       ||     3
    Use: Potion            |     1 |     1 |       |     2 |     3 |     7 |     6 |     4 |    21 ||    45
         Scroll            |       |     4 |     8 |    12 |     9 |     7 |    14 |    20 |    24 ||    98
   Stab: Sleeping          |       |       |       |     2 |     7 |     3 |     4 |     3 |     1 ||    20
         Petrified         |       |       |       |       |     3 |       |       |       |       ||     3
         Distracted        |       |       |       |       |     2 |     1 |       |       |     3 ||     6
         Invisible         |       |       |       |       |       |       |    11 |    18 |    88 ||   117
 Armour: Scale mail        |    37 |   105 |    56 |    36 |       |       |       |       |       ||   234
         Acid dragon scale |       |       |       |    25 |       |       |       |       |       ||    25
         Shadow dragon sca |       |       |       |    77 |   178 |   223 |   260 |    50 |       ||   788
         Storm dragon scal |       |       |       |       |       |       |       |   109 |   726 ||   835
         Crystal plate arm |       |       |       |       |       |       |       |   172 |    35 ||   207
  Dodge: Dodged            |    44 |   107 |    68 |   225 |   336 |   537 |   635 |   710 |  1489 ||  4151
  Block: Buckler           |    26 |    65 |    21 |       |       |       |       |       |       ||   112
         Other             |       |       |       |       |    75 |   109 |   142 |   113 |       ||   439
         Reflection        |       |       |       |       |     2 |       |    10 |     8 |       ||    20

Table legend: (Time is in decaauts)
 A = Elapsed time spent in this place.
 B = Non-inter-level travel time spent in this place.
 C = Inter-level travel time spent in this place.
 D = Time resting spent in this place.
 E = Time spent auto-exploring this place.
 F = Levels seen in this place.
 G = Mean time per level.
                   A        B        C        D        E       F      G
               +--------+--------+--------+--------+--------+-----+--------+
         Total |  90565 |  78760 |  11805 |  11415 |  39718 |  60 | 1509.4 |
       Dungeon |  24432 |  20109 |   4323 |   3009 |  10031 |  15 | 1628.8 |
          Lair |  10783 |   9590 |   1193 |   1763 |   5032 |   5 | 2156.6 |
        Shoals |   6387 |   5735 |    652 |    488 |   3275 |   4 | 1596.8 |
   Spider Nest |   5814 |   5353 |    461 |    780 |   2583 |   4 | 1453.5 |
    Slime Pits |   1830 |   1679 |    151 |    571 |      0 |   5 |  366.0 |
  Orcish Mines |   2785 |   1932 |    853 |    191 |    870 |   2 | 1392.5 |
   Elven Halls |   5622 |   4746 |    876 |    401 |   2638 |   3 | 1874.0 |
        Vaults |  13328 |  11695 |   1633 |   1647 |   6535 |   4 | 3332.0 |
         Crypt |    459 |    394 |     65 |    200 |      2 |   1 |  459.0 |
        Depths |   7340 |   6221 |   1119 |    458 |   3236 |   4 | 1835.0 |
           Zot |   8996 |   8523 |    473 |   1350 |   5220 |   5 | 1799.2 |
         Abyss |   1875 |   1875 |      0 |    210 |    294 |   5 |  375.0 |
        Bazaar |    206 |    206 |      0 |      0 |      0 |   1 |  206.0 |
         Trove |     80 |     80 |      0 |      0 |      0 |   1 |   80.0 |
        Bailey |    619 |    619 |      0 |    344 |      0 |   1 |  619.0 |
               +--------+--------+--------+--------+--------+-----+--------+

Top non-repeatable levels by time:
Vaults:3: 4124 daAuts
Vaults:1: 3431 daAuts
Vaults:2: 3213 daAuts
   Elf:3: 2868 daAuts
  Lair:2: 2848 daAuts
   Zot:5: 2837 daAuts
Vaults:4: 2558 daAuts
  Lair:1: 2393 daAuts
  Lair:5: 2385 daAuts
    D:12: 2337 daAuts
    D:13: 2260 daAuts
Depths:1: 2177 daAuts
    D:15: 2087 daAuts
  Lair:3: 2023 daAuts
     D:7: 1981 daAuts
